 Dungeon Crawl Stone Soup version 0.30-a0-373-gd37427bb62 (webtiles) character file.

Game seed: 2841229683370003052

37 purpskrrrp the Conjurer (level 3, 0/19 HPs)
             Began as a Deep Elf Conjurer on Nov 25, 2022.
             Slain by a jackal (2 damage)
             ... on level 1 of the Dungeon.
             The game lasted 00:02:11 (786 turns).

purpskrrrp the Conjurer (Deep Elf Conjurer)          Turns: 786, Time: 00:02:12

Health: 0/19       AC:  2    Str:  4    XL:     3   Next: 21%
Magic:  0/10       EV: 13    Int: 24    God:
Gold:   49         SH:  0    Dex: 19    Spells: 8/9 levels left

rFire   . . .      SeeInvis .    (no weapon)
rCold   . . .      Faith    .    (no shield)
rNeg    . . .      Spirit   .    a - +0 robe
rPois   .          Reflect  .    (no helmet)
rElec   .          Harm     .    (no cloak)
rCorr   .          Rampage  .    (no gloves)
Will    .....                    (no boots)
Stlth   ++........               (no amulet)
HPRegen 0.23/turn                e - +6 ring of dexterity
MPRegen 0.12/turn                (no ring)

@: no status effects
A: no striking features
a: no special abilities


You were on level 1 of the Dungeon.
You visited 1 branch of the dungeon, and saw 1 of its levels.

You collected 49 gold pieces.

Inventory:

Armour
 a - a +0 robe (worn)
Jewellery
 e - a +6 ring of dexterity (left hand)
Scrolls
 b - 2 scrolls of amnesia {unknown}
 c - a scroll of identify
 d - a scroll of teleportation {unknown}


   Skills:
 + Level 3.0 Dodging
 - Level 2.4 Stealth
 + Level 3.6 Spellcasting
 * Level 5.0 Conjurations


You had 8 spell levels left.
You knew the following spells:

 Your Spells              Type           Power      Damage    Failure   Level
a - Magic Dart            Conj           100%       1d8       1%          1

Your spell library contained the following spells:

 Spells                   Type           Power      Damage    Failure   Level
 Searing Ray              Conj           56%        2d6       1%          2
 Dazzling Flash           Conj/Hex       32%        N/A       11%         3
 Fulminant Prism          Conj/Hex       8%         3d6       34%         4
 Iskenderun's Mystic Bla  Conj/Tloc      16%        2d5       34%         4


Dungeon Overview and Level Annotations

Branches:
Dungeon (1/15)

Altars:


Message History

The jackal closely misses you. The giant cockroach bites you.
* * * LOW HITPOINT WARNING * * *
The jackal bites you.
* * * LOW HITPOINT WARNING * * *
You aren't carrying any potions.
The jackal attacks as you move away! The jackal bites you.
* * * LOW HITPOINT WARNING * * *
The jackal bites you.
* * * LOW HITPOINT WARNING * * *
The giant cockroach attacks as you move away!
The giant cockroach closely misses you. x2
Casting: Magic Dart (safe; 1% risk of failure)
Confirm with . or Enter, or press ? or * to list all spells.
Aiming: Magic Dart (safe; 1% risk of failure)
Press: ? - help, Shift-Dir - straight line, f/p - giant cockroach
Aim: a giant cockroach (heavily wounded, 100% to hit)
The magic dart hits the giant cockroach.
The giant cockroach is severely wounded.
The jackal barely misses you. The giant cockroach bites you.
* * * LOW HITPOINT WARNING * * *
The giant cockroach attacks as you move away!
The giant cockroach bites you but does no damage.
The jackal bites you but does no damage.
The giant cockroach attacks as you move away!
The giant cockroach completely misses you.
The jackal attacks as you move away! The jackal misses you.
The jackal barely misses you.
The giant cockroach attacks as you move away!
The giant cockroach barely misses you. x2
The jackal attacks as you move away! The jackal barely misses you.
The jackal closely misses you.
Casting: Magic Dart (safe; 1% risk of failure)
Confirm with . or Enter, or press ? or * to list all spells.
Aiming: Magic Dart (safe; 1% risk of failure)
Press: ? - help, Shift-Dir - straight line, f/p - giant cockroach
Aim: a giant cockroach (severely wounded, 100% to hit)
The magic dart hits the jackal.
The jackal is almost dead.
The jackal bites you.
You die...

####.# ##..#..####.##..#
#..### ###<..#...........)
#....####.....#..#.#######.
#............##....#### ##
#............#....#...## #
##....##....##.........##
##......(.##...........#
###....###B...........#
######@h#...........#
#.##.####.........## #.##.#
##.......## #.##.#
####.....# ###.##.# ####..#
#...##.# ....# #...##)#
...... #...#..# ...
#.....## ..


You could see a jackal and a giant cockroach.

Vanquished Creatures
  9 endoplasms (D:1)
  A giant cockroach (D:1)
  3 hobgoblins (D:1)
  5 jackals (D:1)
  A quokka (D:1)
  A ball python (D:1)
  2 bats (D:1)
  4 frilled lizards (D:1)
  4 goblins (D:1)
  A rat (D:1)
31 creatures vanquished.

Vanquished Creatures (others)
  2 fungi (D:1)
  3 plants (D:1)
5 creatures vanquished.

Grand Total: 36 creatures vanquished

Notes
Turn   | Place    | Note
-------+----------+-------------------------------------------
     0 | D:1      | purpskrrrp the Deep Elf Conjurer began the quest for the
                  | Orb.
     0 | D:1      | Reached XP level 1. HP: 10/10 MP: 6/6
   248 | D:1      | Reached XP level 2. HP: 15/15 MP: 5/8
   414 | D:1      | Found a faded altar of an unknown god.
   529 | D:1      | Reached skill level 5 in Conjurations
   601 | D:1      | Reached XP level 3. HP: 19/19 MP: 7/10
   786 | D:1      | Slain by a jackal

Illustrated notes

Levels and vault maps discovered:
D:1:      minmay_arrival_loop, layout_rooms, shapermc_ecumenical_altar_ellora

Skill      XL: |  1  2 |
---------------+-------+-----
Dodging        | 3 |  3.0
Conjurations   | 5 |  5.0
Stealth        | |  2.4
Spellcasting   | |  3.6

Action                   || total
-------------------------++-------
Melee: Unarmed           ||    28
 Cast: Magic Dart        ||    63
  Use: Scroll            ||     1
       Potion            ||     1
Armor: Robe              ||    16
Dodge: Dodged            ||    48

Table legend: (Time is in decaauts)
 A = Elapsed time spent in this place.
 B = Non-inter-level travel time spent in this place.
 C = Inter-level travel time spent in this place.
 D = Time resting spent in this place.
 E = Time spent auto-exploring this place.
 F = Levels seen in this place.
 G = Mean time per level.
                   A        B        C        D        E       F      G
               +--------+--------+--------+--------+--------+-----+--------+
         Total |    785 |    752 |     33 |     54 |    556 |   1 |  785.0 |
       Dungeon |    785 |    752 |     33 |     54 |    556 |   1 |  785.0 |
               +--------+--------+--------+--------+--------+-----+--------+

Top non-repeatable levels by time:
     D:1: 785 daAuts
